 Dungeon Crawl Stone Soup version 0.26.0-16-gc1dbca0489 (webtiles) character file.

Game seed: 16054814503491609659

277 inqbanana the Skirmisher (level 6, -2/66 HPs)
             Began as an Ogre Chaos Knight on Jan 20, 2021.
             Was a Plaything of Xom.
             Slain by an ufetubus (4 damage)
             ... summoned by Xom
             ... on level 4 of the Dungeon.
             The game lasted 00:09:04 (3642 turns).

inqbanana the Skirmisher (Ogre Chaos Knight)        Turns: 3642, Time: 00:09:04

Health: -2/66      AC:  5    Str: 17    XL:     6   Next: 26%
Magic:  6/6        EV:  1    Int: 17    God:    Xom [....*.]
Gold:   288        SH:  0    Dex: -3 (8) Spells: 5/5 levels left

rFire    . . .     SeeInvis .   j - +1 giant spiked club
rCold    + + .     Faith    .   (shield currently unavailable)
rNeg     . . .     Spirit   .   b - +2 robe
rPois    .         Reflect  .   (helmet restricted)
rElec    .         Harm     .   (no cloak)
rCorr    .         Rampage  .   (gloves unavailable)
Will     .....     Clarity  +   (boots unavailable)
Stlth    ..........             n - amulet of magic regeneration
HPRegen  0.21/turn              k - +4 ring of evasion
MPRegen  0.35/turn              (no ring)

@: slowed, lost dexterity, very slow
A: large, unfitting armour, clarity, clever 1, cold resistance 2, mutation
resistance 1, screaming 1, tough skin 1
a: Renounce Religion


You were on level 4 of the Dungeon.
You worshipped Xom.
You were a beloved toy of Xom.
You visited 1 branch of the dungeon, and saw 4 of its levels.

You collected 288 gold pieces.

Inventory:

Hand Weapons
 a - a +0 mace of chaos
 j - a +1 giant spiked club (weapon)
Missiles
 g - 5 boomerangs (quivered)
Armour
 b - a +2 robe (worn)
Jewellery
 k - a +4 ring of evasion (left hand)
 n - an amulet of magic regeneration (around neck)
Wands
 m - a wand of paralysis (9)
Scrolls
 c - a scroll of random uselessness
 d - 2 scrolls of immolation
 e - a scroll of identify
 h - 3 scrolls of teleportation
Potions
 i - 2 potions of curing


   Skills:
 + Level 5.0 Fighting
 * Level 4.1 Maces & Flails
 + Level 1.7 Armour
 * Level 3.9 Dodging


You had 5 spell levels left.
You didn't know any spells.
Your spell library was empty.

Dungeon Overview and Level Annotations

Branches:
Dungeon (4/15)             Temple (0/1) D:4

Altars:
Fedhas
Gozag
Vehumet
Xom


Innate Abilities, Weirdness & Mutations

You are too large for most types of armour.
You have tough skin. (AC +1)
You possess an exceptional clarity of mind.
Your mind is acute. (Int +2)
Your flesh is very cold resistant. (rC++)
You are somewhat resistant to further mutation.
You occasionally shout uncontrollably at your foes.


Message History

The ufetubus hits you but does no damage.
The ufetubus hits you.
* * * LOW HITPOINT WARNING * * *
The ufetubus hits you but does no damage. x6
Unknown command.
You miss the ufetubus. The ufetubus hits you.
* * * LOW HITPOINT WARNING * * *
The ufetubus hits you but does no damage.
The ufetubus hits you.
* * * LOW HITPOINT WARNING * * *
The ufetubus hits you but does no damage.
The ufetubus hits you.
* * * LOW HITPOINT WARNING * * *
The ufetubus hits you but does no damage.
You closely miss the ufetubus.
The ufetubus hits you but does no damage.
The ufetubus hits you.
* * * LOW HITPOINT WARNING * * *
The ufetubus hits you.
You die...

,,,,,,,*...............#.........
,,,,,,,*...............#.........
***,,,,*#..............#.......##
*****+*########'#####+##.......#.
*,,,,,,#.......................#.
*,,,,,,#......†................#.
*,,,,,,#.......................#.
*******#.......5..............(##
,,,,,,,.........@..............*
,,,,,,,.#######'######+##*******
,,,,,,,,#.......#,,,,,,,,,*
,,,,,,,,+.......#,,,,,,,,,*
,,,,,,,,#.......#,,,,,,,,,*
,,,,,,,,#########**********
*********


You could see an ufetubus (summoned).

Vanquished Creatures
  An ogre (D:4)
  A centaur skeleton (D:4)
  An orc wizard (D:3)
  6 adders
  2 worms
  A dart slug (D:1)
  3 orcs (D:3)
  8 bats
  6 giant cockroaches
  5 goblins
  7 hobgoblins
  16 jackals
  4 frilled lizards
  6 kobolds
  4 rats
71 creatures vanquished.

Vanquished Creatures (others)
  4 fungi (D:2)
  4 plants (D:2)
8 creatures vanquished.

Grand Total: 79 creatures vanquished

Notes
Turn   | Place    | Note
-------+----------+-------------------------------------------
     0 | D:1      | inqbanana the Ogre Chaos Knight began the quest for the
                  | Orb.
     0 | D:1      | Reached XP level 1. HP: 24/24 MP: 1/1
   136 | D:1      | Reached XP level 2. HP: 28/32 MP: 2/2
   351 | D:1      | XOM: give mutations
   351 | D:1      | Gained mutation: You have sharp toenails. [Xom's grace]
   351 | D:1      | Gained mutation: Your muscles are strong. (Str +2) [Xom's
                  | grace]
   351 | D:1      | Gained mutation: Your flesh is cold resistant. (rC+) [Xom's
                  | grace]
   584 | D:1      | XOM is BORED!
   845 | D:1      | XOM: scenery: create altars
   862 | D:1      | XOM: scenery: create altars
   867 | D:1      | Reached XP level 3. HP: 38/39 MP: 3/3
  1031 | D:2      | Found a blossoming altar of Fedhas.
  1302 | D:2      | XOM: give mutations
  1302 | D:2      | Gained mutation: You are somewhat resistant to further
                  | mutation. [Xom's grace]
  1302 | D:2      | Gained mutation: Your flesh is very cold resistant. (rC++)
                  | [Xom's grace]
  1302 | D:2      | Gained mutation: You possess an exceptional clarity of
                  | mind. [Xom's grace]
  1352 | D:2      | Reached skill level 1 in Armour
  1352 | D:2      | Reached XP level 4. HP: 47/49 MP: 4/4
  1571 | D:2      | Found a radiant altar of Vehumet.
  1612 | D:2      | XOM: 3-stop teleportation journey
  1872 | D:2      | XOM: divination: magic mapping
  1971 | D:3      | Found an opulent altar of Gozag.
  2010 | D:3      | XOM: repel stairs
  2174 | D:3      | Reached XP level 5. HP: 21/55 MP: 5/5
  2230 | D:3      | XOM: cloud trail
  2901 | D:3      | Lost mutation: Your muscles are strong. (Str +2) [potion of
                  | mutation]
  2901 | D:3      | Lost mutation: You are somewhat resistant to further
                  | mutation. [potion of mutation]
  2901 | D:3      | Gained mutation: You occasionally shout uncontrollably at
                  | your foes. [potion of mutation]
  2901 | D:3      | Gained mutation: You are somewhat resistant to further
                  | mutation. [potion of mutation]
  2901 | D:3      | Gained mutation: Your mind is acute. (Int +2) [potion of
                  | mutation]
  2929 | D:4      | Noticed an ogre
  2933 | D:4      | XOM: cast spell 'Leda's Liquefaction'
  2941 | D:4      | XOM: butterfly on damage
  2942 | D:4      | Killed an ogre
  2946 | D:4      | Found a shimmering altar of Xom.
  3034 | D:4      | XOM: scenery: 2 doors open
  3204 | D:4      | XOM: god gift: 5 boomerangs
  3211 | D:4      | XOM: cast spell 'Necromutation'
  3248 | D:4      | Reached XP level 6. HP: 60/65 MP: 6/6
  3251 | D:4      | Reached skill level 5 in Fighting
  3492 | D:4      | Lost mutation: You have sharp toenails. [potion of
                  | mutation]
  3492 | D:4      | Lost mutation: You possess an exceptional clarity of mind.
                  | [potion of mutation]
  3492 | D:4      | Gained mutation: You possess an exceptional clarity of
                  | mind. [potion of mutation]
  3617 | D:4      | XOM: summons 3 hostile demons
  3635 | D:4      | Lost dexterity.
  3642 | D:4      | HP: 2/66 [ufetubus[Xom] (5)]
  3642 | D:4      | Slain by an ufetubus

Illustrated notes

Levels and vault maps discovered:
D:1:      minmay_arrival_shattered_statue, layout_basic
D:2:      layout_loops_corners, vehumet_crystals, fedhas_altar_3
D:3:      cheibrodos_old_hovel, layout_rooms, nicolae_gozag_seed_capital,
          cheibrodos_sewer_entry_bend, chequers_serial_rivers_micro_b
D:4:      layout_gridville, pdpol_wu_jian_five_deadly_venoms,
          old_standard_altar, minmay_temple_entry_enclosed_plants

Skill      XL: |  1  2  3  4  5  6 |
---------------+-------------------+-----
Maces & Flails | 3 4 |  4.1
Armour         | 1 |  1.7
Dodging        | 3 |  3.9
Fighting       | 5 |  5.0

Action                   |  1- 3 |  4- 6 || total
-------------------------+-------+-------++-------
Melee: Mace              |    82 |       ||    82
       Kick              |    10 |    18 ||    28
       Giant spiked club |     6 |   185 ||   191
Throw: Throwing net      |       |     1 ||     1
  Use: Potion            |       |     9 ||     9
       Scroll            |       |     8 ||     8
 Stab: Invisible         |       |     1 ||     1
Armor: Robe              |    63 |   229 ||   292
       Skin              |       |     2 ||     2
Dodge: Dodged            |    60 |   417 ||   477
